 Dungeon Crawl Stone Soup version 0.28.0-53-g5a82cb258f (webtiles) character file.

Game seed: 7455684704842722218

48 gobodom the Conjurer (level 3, -7/16 HPs)
             Began as a Vine Stalker Conjurer on June 20, 2022.
             Mangled by an ogre
             ... wielding a +0 giant club
              (16 damage)
             ... on level 3 of the Dungeon.
             The game lasted 00:07:55 (1883 turns).

gobodom the Conjurer (Vine Stalker Conjurer)        Turns: 1883, Time: 00:07:56

Health: -7/16      AC: 10    Str: 11    XL:     3   Next: 72%
Magic:  0/7        EV: 11    Int: 18    God:
Gold:   106        SH:  0    Dex: 12    Spells: 5/6 levels left

rFire   . . .      SeeInvis +   (no weapon)
rCold   . . .      Faith    .   (no shield)
rNeg    . . .      Spirit   +   k - +1 leather armour "Miczymm" {Rampage SInv}
rPois   .          Reflect  .   h - +0 helmet
rElec   .          Harm     .   d - +0 cloak
rCorr   .          Rampage  +   (no gloves)
Will    .....                   (no boots)
Stlth   ++........              (no amulet)
HPRegen 0.05/turn               c - +4 ring of protection
MPRegen 0.10/turn               (no ring)

@: no status effects
A: fangs 2, magic shield, antimagic bite, no potion heal 2
a: no special abilities


You were on level 3 of the Dungeon.
You visited 1 branch of the dungeon, and saw 3 of its levels.

You collected 106 gold pieces.

Inventory:

Hand Weapons
 f - a +0 short sword
Missiles
 e - 5 atropa-tipped darts
 n - 4 poisoned darts
Armour
 a - a +0 robe
 d - a +0 cloak (worn)
 h - a +0 helmet (worn)
 k - the +1 leather armour "Miczymm" (worn) {Rampage SInv}
   (You found it on level 2 of the Dungeon)

   SInv:      It lets you see invisible.
   Rampage:   It bestows one free step when moving towards enemies.
Jewellery
 c - a +4 ring of protection (left hand)
Scrolls
 b - 2 scrolls of summoning {unknown}
 g - a scroll of noise {unknown}
 i - a scroll of identify {unknown}
 l - a scroll of blinking {unknown}
 m - a scroll of magic mapping {unknown}
Potions
 j - a potion of heal wounds {unknown}


   Skills:
 + Level 1.6 Dodging
 + Level 2.7 Stealth
 + Level 2.3 Spellcasting
 + Level 5.1 Conjurations


You had 5 spell levels left.
You knew the following spells:

 Your Spells              Type           Power      Damage    Failure   Level
a - Magic Dart            Conj           80%        1d7       2%          1

Your spell library contained the following spells:

 Spells                   Type           Power      Damage    Failure   Level
 Searing Ray              Conj           40%        2d5       4%          2
 Dazzling Flash           Conj/Hex       22%        N/A       24%         3
 Fulminant Prism          Conj/Hex       5%         3d7       63%         4
 Iskenderun's Mystic Bla  Conj/Tloc      11%        2d4       63%         4


Dungeon Overview and Level Annotations

Branches:
Dungeon (3/15)

Altars:

Shops:
D:1 *


Innate Abilities, Weirdness & Mutations

You have extremely sharp teeth.
When hurt, damage is shared between your health and your magic reserves.
Your bite disrupts and absorbs the magic of your enemies.
Potions cannot restore your health.


Message History

The bat hits you but does no damage. The bat hits you but does no damage.
The bat closely misses you.
The magic dart hits the bat.
You kill the bat!
The bat hits you but does no damage.
The magic dart hits the worm.
The worm is moderately wounded.
The bat closely misses you.
The magic dart hits the worm.
The worm is moderately wounded.
The worm bites you.
The magic dart hits the worm.
The worm is heavily wounded.
The magic dart hits the worm.
The worm is severely wounded.
A hobgoblin comes into view.
The worm bites you but does no damage.
The magic dart hits the worm.
The worm is severely wounded.
A ball python comes into view.
The magic dart hits the worm.
The worm is severely wounded.
The ball python hisses angrily.
The worm bites you.
You are too depleted to draw on your mana recklessly!
You hit the worm. You bite the worm.
You kill the worm!
The bat hits you but does no damage. The bat closely misses you.
You hit the bat but do no damage. The bat hits you but does no damage. x2
You closely miss the bat. The bat closely misses you.
An endoplasm comes into view.
The endoplasm quivers.
You hit the rat. You bite the rat.
You kill the rat!
The bat closely misses you.
The magic dart hits the ogre but does no damage.
The ogre hits you with a +0 giant club!
Ouch! That really hurt!
You die...

..#......###
#.........#
#......##.#
+##......##.#
...#.....##.#
.........##.######..
....J......)........
.......S###.).....#.
...#...bgO@.........
+ #.)...###.......#.
#.#.....#.......#
#.....#.#.........
..#....#.#..#..#...
..........<..#..#.(
..............#....
............#..#..
....†.....#..#.


You could see an ogre, an endoplasm, a hobgoblin, a bat and a ball python.

Vanquished Creatures
  An adder (D:2)
  A worm (D:3)
  2 dart slugs
  A ball python (D:1)
  4 bats
  An endoplasm (D:2)
  A giant cockroach (D:1)
  2 goblins (D:2)
  4 hobgoblins
  8 kobolds
  A quokka (D:3)
  2 frilled lizards
  3 rats
31 creatures vanquished.

Notes
Turn   | Place    | Note
-------+----------+-------------------------------------------
     0 | D:1      | gobodom the Vine Stalker Conjurer began the quest for the
                  | Orb.
     0 | D:1      | Reached XP level 1. HP: 9/9 MP: 4/4
   117 | D:1      | Found Ceroxuca's General Store.
   233 | D:1      | Reached XP level 2. HP: 13/13 MP: 4/6
   873 | D:2      | Reached skill level 5 in Conjurations
   873 | D:2      | Reached XP level 3. HP: 16/16 MP: 2/7
  1544 | D:2      | Identified the +1 leather armour "Miczymm" {Rampage SInv}
  1867 | D:3      | Noticed an ogre
  1883 | D:3      | Mangled by an ogre

Illustrated notes

Levels and vault maps discovered:
D:1:      zelgadis_glass_arrival_small, layout_basic, serial_shops,
          nicolae_shop_advertising_works [nicolae_subvault_shop_adworks]
D:2:      mumra_celtic_spiral_tile, layout_rooms, serial_rivers,
          chequers_serial_rivers_micro_b, chequers_serial_rivers_micro_b,
          chequers_serial_rivers_micro_c, chequers_serial_rivers_marsh,
          chequers_serial_rivers_micro_e, chequers_serial_rivers_micro_d
D:3:      layout_basic, minmay_misc_feat_diagonals,
          minmay_fractal_squares_diagonal_5

Skill      XL: |  1  2 |
---------------+-------+-----
Conjurations   | 5 |  5.1
Dodging        | |  1.6
Stealth        | |  2.7
Spellcasting   | |  2.3

Action                   || total
-------------------------++-------
Melee: Unarmed           ||    32
       Bite              ||    11
 Cast: Magic Dart        ||    58
Armor: Robe              ||    21
       Leather armour    ||     7
Dodge: Dodged            ||    30
